 Dungeon Crawl Stone Soup version 0.27.0-1-g7a089689b8 (webtiles) character file.

Game seed: 4717937285015744367

360 mainiacjoe the Insei (level 6, -5/49 HPs)
             Began as a Demonspawn Monk on Aug 14, 2021.
             Was a Follower of Ru.
             Killed by divine providence
             ... invoked by an orc priest
              (17 damage)
             ... on level 4 of the Dungeon.
             The game lasted 00:06:14 (4040 turns).

mainiacjoe the Insei (Demonspawn Monk)              Turns: 4040, Time: 00:06:14

Health: -5/49      AC:  7    Str: 13    XL:     6   Next: 38%
Magic:  6/6        EV:  9    Int: 12    God:    Ru [*.....]
Gold:   126        SH:  0    Dex: 15    Spells: 5/5 levels left

rFire    . . .     SeeInvis .     - Unarmed
rCold    . . .     Faith    .   (no shield)
rNeg     . . .     Spirit   .   q - +0 scale mail
rPois    .         Reflect  .   k - +0 helmet
rElec    .         Harm     .   (no cloak)
rCorr    .         Rampage  .   (no gloves)
Will     .....                  (no boots)
Stlth    +.........             (no amulet)
HPRegen  0.16/turn              (no ring)
MPRegen  0.10/turn              (no ring)

@: no status effects
A: spiny 2, cowardly, condensation shield
a: Renounce Religion


You were on level 4 of the Dungeon.
You worshipped Ru.
Ru was aware of your devotion.
You visited 1 branch of the dungeon, and saw 4 of its levels.

You collected 126 gold pieces.

Inventory:

Missiles
 b - 15 sling bullets
 e - 59 stones (quivered)
 m - 37 arrows
 p - 4 curare-tipped darts {=F}
Armour
 a - a +0 robe
 h - a +0 leather armour
 k - a +0 helmet (worn)
 q - a +0 scale mail (worn)
Wands
 l - a wand of mindburst (13)
 o - a wand of digging (7)
Scrolls
 d - a scroll of blinking {unknown}
 g - a scroll of teleportation
 i - a scroll of torment {unknown}
Potions
 c - 2 potions of flight
 f - a potion of attraction
 j - a potion of mutation {unknown}
 n - a potion of ambrosia {unknown}


   Skills:
 + Level 4.7 Fighting
 - Level 2.6 Dodging
 - Level 1.7 Stealth
 * Level 5.6 Unarmed Combat


You had 5 spell levels left.
You didn't know any spells.
Your spell library contained the following spells:

 Spells                   Type           Power      Damage    Failure   Level
 Sandblast                Erth           0%         2d4       86%         1
 Sting                    Tmut/Pois      0%         1d3       86%         1
 Corpse Rot               Necr/Air       N/A        N/A       94%         2
 Poisonous Vapours        Pois/Air       0%         N/A       94%         2
 Olgreb's Toxic Radiance  Pois           0%         N/A       100%        4
 Bolt of Magma            Conj/Fire/Erth 0%         4d4       100%        5
 Borgnjor's Vile Clutch   Necr/Erth      0%         N/A       100%        5
 Freezing Cloud           Conj/Ice/Air   0%         6-21      100%        5
 Lee's Rapid Deconstruct  Erth           0%         3d5*      100%        5


Dungeon Overview and Level Annotations

Branches:
Dungeon (4/15)
 Temple: D:4-7

Altars:
Ru


Innate Abilities, Weirdness & Mutations

You are mostly covered in sharp spines.
Your cowardice makes you less effective in combat with threatening monsters.
A meltable shield of frost defends you. (SH +0)


Message History

Edmund is almost dead.
Edmund closely misses you.
You hit Edmund. You punch Edmund, but do no damage.
Edmund is almost dead.
You hit Edmund.
You kill Edmund!
You have reached level 6!
Your experience leads to an increase in your attributes!
Increase (S)trength, (I)ntelligence, or (D)exterity?
You feel stronger.
An orc and an orc wizard come into view.
The orc wizard shouts!
The orc priest shouts!
The orc shouts!
The orc wizard gestures at you while chanting.
The magic dart hits you.
You feel a twist of horror at the sight of this foe.
Things that are here:
a +1 flail of protection; a +0 ring mail The orc wizard is struck by your spines.
The orc wizard hits you but does no damage.
You miss the orc wizard.
The orc wizard is lightly wounded.
The orc priest looks braver for a moment.
The orc wizard begins to cast a spell, but is stunned by your conviction!
You hit the orc wizard but do no damage.
The orc wizard is lightly wounded.
The orc wizard gestures at you while chanting.
The puff of flame hits you!
Your condensation shield dissipates!
* * * LOW HITPOINT WARNING * * *
You hit the orc wizard.
The orc wizard is moderately wounded.
You punch the orc wizard!
The orc wizard is almost dead.
The orc wizard gestures wildly while chanting.
The orc wizard flickers and vanishes!
Deactivating autopickup; reactivate with Ctrl-A.
You barely miss something.
The orc priest mumbles some strange prayers to Beogh against you.
Beogh smites you!
You die...

###.#########.#
#.# #.# #.# #.#
#.# #.# #.# #.#
#.# #.# #<#
######.## ###
#.).....#
#@####### #{#
#o# #o# #.# #.#
#.# ..#


You could see an orc priest and an orc.

Vanquished Creatures
  Edmund (D:4)
  A hound (D:4)
  Ijyb (D:3)
  Terence (D:3)
  An orc wizard (D:3)
  Robin (D:2)
  3 adders
  2 worms
  A dart slug (D:1)
  8 orcs (D:3)
  2 endoplasms
  3 giant cockroaches
  13 goblins
  9 hobgoblins
  6 jackals
  6 kobolds
  6 quokkas
  7 ball pythons
  8 bats
  7 frilled lizards
  5 rats
92 creatures vanquished.

Notes
Turn   | Place    | Note
-------+----------+-------------------------------------------
     0 | D:1      | mainiacjoe the Demonspawn Monk began the quest for the Orb.
     0 | D:1      | Reached XP level 1. HP: 18/18 MP: 1/1
   342 | D:1      | Reached skill level 3 in Unarmed Combat
   366 | D:1      | Gained mutation: You are partially covered in sharp spines.
                  | [demonic ancestry]
   366 | D:1      | Reached XP level 2. HP: 6/24 MP: 2/2
  1088 | D:1      | Found a faded altar of an unknown god.
  1418 | D:1      | Became a worshipper of Ru the Awakened
  1439 | D:1      | Gained mutation: Your cowardice makes you less effective in
                  | combat with threatening monsters. [Ru sacrifice]
  1439 | D:1      | Reached * piety under Ru
  1545 | D:1      | Reached XP level 3. HP: 29/29 MP: 3/3
  1559 | D:1      | Got the Tome of Earthen Fire
  2055 | D:2      | Noticed Robin
  2069 | D:2      | Killed Robin
  2070 | D:2      | Reached skill level 4 in Unarmed Combat
  2070 | D:2      | Gained mutation: You are mostly covered in sharp spines.
                  | [demonic ancestry]
  2070 | D:2      | Reached XP level 4. HP: 17/37 MP: 4/4
  3180 | D:3      | Gained mutation: A meltable shield of frost defends you.
                  | (SH +0) [demonic ancestry]
  3180 | D:3      | Reached XP level 5. HP: 33/42 MP: 5/5
  3338 | D:3      | Noticed Terence
  3350 | D:3      | Killed Terence
  3370 | D:3      | Noticed Ijyb
  3385 | D:3      | Killed Ijyb
  3386 | D:3      | Reached skill level 5 in Unarmed Combat
  4006 | D:4      | Noticed Edmund
  4033 | D:4      | Killed Edmund
  4034 | D:4      | Reached XP level 6. HP: 25/49 MP: 6/6
  4040 | D:4      | Killed from afar by an orc priest

Illustrated notes

Levels and vault maps discovered:
D:1:      dpeg_arrival_rooms_c, layout_loops_ring,
          shapermc_ecumenical_altar_starsandcircs, minmay_pentomino_o4
D:2:      layout_loops_ring, st_stairs_13, uniq_robin
D:3:      layout_basic, kennysheep_decorative_pillar, uniq_terence, uniq_ijyb
D:4:      minmay_clustersquares, layout_basic, uniq_edmund

Skill      XL: |  1  2  3  4  5 |
---------------+----------------+-----
Unarmed Combat | 3 4 5 |  5.6
Fighting       | 4 |  4.7
Dodging        | |  2.6
Stealth        | |  1.7

Action                   |  1- 3 |  4- 6 || total
-------------------------+-------+-------++-------
Melee: Unarmed           |   119 |   123 ||   242
       Punch             |       |     3 ||     3
Throw: Stone             |    97 |   128 ||   225
Invok: Sacrifice Courage |     1 |       ||     1
Evoke: Wand              |       |     3 ||     3
  Use: Scroll            |     2 |     2 ||     4
 Stab: Sleeping          |     1 |       ||     1
Armor: Robe              |    11 |       ||    11
       Leather armour    |     8 |     7 ||    15
       Scale mail        |       |     8 ||     8
Dodge: Dodged            |    51 |    41 ||    92
Block: Other             |       |     7 ||     7
